cohdb
Replays
Latest Replays
All Replays
Popular Replays
Top Player Replays
Match Explorer
How It Works
Community
CoH3 Stats
Reddit
Sign in to upload your games and track your stats! →
Sign in with Steam
Match 34821472
Unlisted
Match 34821472
Overview
Messages
Build Orders
End
Pioneer Squad
Construct Infanterie Kompanie
Grenadier Squad
Grenadier Squad
MG 42 Machine Gun Team
MG 42 Machine Gun Team
Construct Luftwaffe Kompanie
Selects Luftwaffe Battlegroup
Selects Luftwaffe Pioneer Support
Selects LG40 Recoilless Gun Paradrop
LG40 Recoilless Gun Paradrop
Selects Stuka Strafing Run
221 Scout Car
Selects Fallschirmjäger Squad Paradrop
Construct Panzer Kompanie
Panzer IV Medium Tank
Stoßtruppen Squad
Trainzz
Cpt. Unicorn
0
0
Comments
sign in to comment!
No comments posted yet!